Influenza vs Gangsters
Created - April 14, 2017 at 23:09
Goals
|
Influenza |
2 |
3 |
2 |
7 |
Gangsters |
0 |
2 |
0 |
2 |
|
Shots
|
Influenza |
8 |
18 |
8 |
34 |
Gangsters |
10 |
19 |
7 |
36 |
|
1st period
1. Influenza , Jamie Benn 33 (Mathieu Carle 43, John Klingberg 55) at 4:10
2. Influenza , Ben Smith 38 (Robbie Earl 47, Jeremy Morin 25) at 12:29
Penalties :
John Klingberg (VJB) for Holding Stick (Minor) at 8:47, Jonas Brodin (Bro) for Hooking (Minor) at 13:42
2nd period
3. Influenza , Mathieu Carle 13 (Martins Karsums 40, Jamie Benn 41) at 3:07
4. Influenza , Robbie Earl 37 (Ryan Carter 20, Ben Smith 60) at 4:19
5. Gangsters , Sean Couturier 9 (Dave Dziurzynski 29, Richard Panik 19) at 5:28
6. Influenza , Robbie Earl 38 (Ryan Carter 21) at 10:26
7. Gangsters , Mikko Lehtonen 40 (Magnus Paajarvi-Svensson 25) at 10:38
Penalties :
Matt Delahey (Bro) for Fighting (Major) at 4:30, Ben Smith (VJB) for Fighting (Major) at 4:30
3rd period
8. Influenza , Martins Karsums 27 (Matt Corrente 32, Evgeny Grachev 51) at 5:37
9. Influenza , Ryan Carter 17 (Ben Smith 61, Mathieu Carle 44) at 5:53
Penalties :
Jamie Benn (VJB) for Roughing (Minor) at 8:59, Jeff May (VJB) for Hooking (Minor) at 12:26, Taylor Doherty (Bro) for Tripping (Minor) at 15:33
Goalie Stats
Olivier Roy (VJB), 34 saves from 36 shots - (0.944), W, 8-6-1, 60:00 minutes
Mike Condon (Bro), 16 saves from 19 shots - (0.842), 35:41 minutes
Braden Holtby (Bro), 11 saves from 15 shots - (0.733), L, 13-12-1, 24:19 minutes
Players Stats for Influenza
Player Name G A P +/- PIM S H SB GA TA FO MP PP MP PK MP
------------------------------------------------------------------------------------
Andreas Engqvist 0 0 0 0 0 0 2 0 0 0 1/1 8:55 0:00 0:00
Ben Smith 1 2 3 3 5 4 1 1 0 0 1/6 16:23 2:14 1:03
Brian Salcido 0 0 0 0 0 0 0 0 0 0 0/0 6:46 0:00 1:01
Carl Gunnarsson 0 0 0 3 0 0 1 0 0 0 0/0 19:01 1:40 2:37
Charlie Coyle 0 0 0 -1 0 2 0 0 0 0 1/3 11:32 0:00 0:00
Colin McDonald 0 0 0 0 0 0 0 0 0 0 0/0 1:57 0:00 1:54
Corey Tropp 0 0 0 0 0 0 0 0 0 0 0/0 8:55 0:00 0:00
Evgeny Grachev 0 1 1 2 0 3 2 0 0 0 6/10 15:25 1:44 0:00
Iiro Pakarinen 0 0 0 0 0 0 0 0 0 0 0/0 0:00 0:00 0:00
Jacob Josefson 0 0 0 0 0 0 0 0 0 0 0/0 0:34 0:00 0:34
Jamie Benn 1 1 2 2 2 1 1 1 0 0 0/0 17:21 1:44 1:53
Jeff May 0 0 0 0 2 1 0 2 0 0 0/0 12:41 0:00 0:22
Jeremy Morin 0 1 1 -1 0 1 2 0 0 0 0/0 11:32 0:00 0:00
John Klingberg 0 1 1 2 2 4 1 1 2 0 0/0 21:31 2:18 1:57
Jordan Schroeder 0 0 0 1 0 0 0 0 0 0 0/0 3:10 0:00 0:24
Martins Karsums 1 1 2 2 0 3 1 1 1 0 0/1 16:28 1:44 1:03
Mathieu Carle 1 2 3 2 0 6 3 1 2 1 0/0 24:01 2:18 3:20
Matt Corrente 0 1 1 3 0 1 2 0 0 0 0/0 19:01 1:40 2:37
Oskars Bartulis 0 0 0 0 0 0 0 0 0 0 0/0 5:45 0:00 0:00
Robbie Earl 2 1 3 4 0 4 1 0 2 0 5/9 21:17 2:14 3:06
Ryan Carter 1 2 3 4 0 2 1 0 0 0 9/16 18:07 2:14 0:00
Ryan Russell 0 0 0 0 0 0 2 0 0 0 0/0 10:28 0:00 1:33
T.J Brodie 0 0 0 0 0 0 0 0 0 0 0/0 0:00 0:00 0:00
T.J Galiardi 0 0 0 -1 0 2 0 2 1 0 0/0 11:56 0:00 0:24
Tim Erixon 0 0 0 0 0 0 0 0 1 0 0/0 11:13 0:00 0:00
Players Stats for Gangsters
Player Name G A P +/- PIM S H SB GA TA FO MP PP MP PK MP
------------------------------------------------------------------------------------
Artem Anisimov 0 0 0 -2 0 2 2 0 0 0 10/22 18:34 3:18 0:49
Austen Brassard 0 0 0 0 0 0 0 0 0 0 0/0 0:52 0:00 0:52
Ben Holmstrom 0 0 0 -2 0 1 1 0 0 0 2/3 9:40 0:00 0:00
Curtis McKenzie 0 0 0 -2 0 1 1 1 0 1 0/1 10:52 0:00 0:52
Dave Dziurzynski 0 1 1 1 0 0 1 0 0 0 1/1 10:50 0:00 0:00
Gustav Nyquist 0 0 0 -2 0 2 2 0 0 0 3/4 20:18 3:18 2:17
Jonas Brodin 0 0 0 -4 2 4 1 2 0 2 0/0 22:37 3:30 1:05
Magnus Paajarvi-Svensson 0 1 1 -2 0 2 5 2 0 1 1/1 17:07 2:35 0:00
Matt Delahey 0 0 0 1 5 3 3 0 0 3 0/0 23:40 2:27 1:32
Maxime Sauvé 0 0 0 -2 0 1 0 1 0 0 4/9 18:01 2:35 0:49
Michael Sdao 0 0 0 -4 0 4 3 5 0 1 0/0 26:48 3:30 1:52
Mikko Lehtonen 1 0 1 -2 0 4 1 0 1 0 0/0 17:07 2:35 0:00
Nick Foligno 0 0 0 -2 0 4 1 0 0 0 1/2 20:08 3:08 2:17
Phil McRae 0 0 0 0 0 0 0 0 0 0 0/0 0:42 0:14 0:00
Phillip Danault 0 0 0 0 0 0 0 0 0 0 0/0 0:19 0:04 0:00
Richard Panik 0 1 1 1 0 1 0 0 0 0 0/0 11:09 0:04 0:00
Sean Couturier 1 0 1 -1 0 4 2 0 0 0 1/3 12:23 0:00 0:34
Shaun Heska 0 0 0 0 0 3 4 2 0 0 0/0 28:21 2:27 2:34
Stefan Noesen 0 0 0 -2 0 0 0 0 0 1 0/0 9:40 0:00 0:00
Taylor Doherty 0 0 0 -1 2 0 0 3 0 0 0/0 16:51 0:00 0:19
3 Stars
1 - Robbie Earl (VJB)
2 - Ryan Carter (VJB)
3 - Mathieu Carle (VJB)
Power Play
Influenza - 0 on 2 Attempt(s) - 0.00%
Gangsters - 0 on 3 Attempt(s) - 0.00%
Penalty Kill
Influenza - 3 on 3 Attempt(s) - 100.00%
- Score 0 goal in Penalty Kill
Gangsters - 2 on 2 Attempt(s) - 100.00%
- Score 0 goal in Penalty Kill
Team Stat
Influenza - Hits : 20 - Faceoff Wins : 23 - Blocked Shots : 9 - Penalty Minutes : 11
Gangsters - Hits : 27 - Faceoff Wins : 23 - Blocked Shots : 16 - Penalty Minutes : 9
Official
Referees : Fraser Kerry and Peel Tim
Linesman : Bryan Pancich and Darren Gibbs
Game Notes
Mike Condon enters game at 4:19 of 2nd period
Matt Delahey and Ben Smith fight to a draw at 4:30 of 2nd period
Finance
Level 1 -- Attendance: 1349 (67.45%) -- Ticket Income $47,215
Level 2 -- Attendance: 722 (72.20%) -- Ticket Income $10,830
Total Attendance: 2071 (69.03%)
Total Ticket Income: $58,045
Other Income: $2,902
Total Income: $60,947
Influenza
5 vs 5 Forward
Center Left Wing Right Wing Time % Phy DF OF
1 Ryan Carter Robbie Earl Ben Smith 40 1 2 2
2 Evgeny Grachev Jamie Benn Martins Karsums 30 1 2 2
3 Charlie Coyle T.J Galiardi Jeremy Morin 20 1 2 2
4 Andreas Engqvist Ryan Russell Corey Tropp 10 1 2 2
5 vs 5 Defense
Defense Defense Time % Phy DF OF
1 John Klingberg Mathieu Carle 40 1 2 2
2 Matt Corrente Carl Gunnarsson 30 1 2 2
3 Jeff May Tim Erixon 20 1 2 2
4 Oskars Bartulis Brian Salcido 10 1 2 2
PowerPlay Forward
Center Left Wing Right Wing Time % Phy DF OF
1 Ryan Carter Robbie Earl Ben Smith 60 1 2 2
2 Evgeny Grachev Jamie Benn Martins Karsums 40 1 2 2
PowerPlay Defense
Defense Defense Time % Phy DF OF
1 John Klingberg Mathieu Carle 60 1 2 2
2 Matt Corrente Carl Gunnarsson 40 1 2 2
Penalty Kill 4 Players Forward
Center Wing Time % Phy DF OF
1 Robbie Earl Jamie Benn 60 1 2 2
2 Ben Smith Martins Karsums 40 1 2 2
Penalty Kill 4 Players Defense
Defense Defense Time % Phy DF OF
1 John Klingberg Mathieu Carle 60 1 2 2
2 Matt Corrente Carl Gunnarsson 40 1 2 2
Penalty Kill - 3 Players Forward
Forward Time % Phy DF OF
1 Robbie Earl 60 1 2 2
2 Jamie Benn 40 1 2 2
Penalty Kill - 3 Players Defense
Defense Defense Time % Phy DF OF
1 John Klingberg Mathieu Carle 60 1 2 2
2 Matt Corrente Carl Gunnarsson 40 1 2 2
4 vs 4 Forward
Center Wing Time % Phy DF OF
1 Robbie Earl Jamie Benn 60 1 2 2
2 Ben Smith Martins Karsums 40 1 2 2
4 vs 4 Defense
Defense Defense Time % Phy DF OF
1 John Klingberg Mathieu Carle 60 1 2 2
2 Matt Corrente Carl Gunnarsson 40 1 2 2
Last Minutes Offensive
Center Left Wing Right Wing Defense Defense
Ryan Carter Robbie Earl Ben Smith John Klingberg Mathieu Carle
Last Minutes Defensive
Center Left Wing Right Wing Defense Defense
Ryan Carter Robbie Earl Ben Smith John Klingberg Mathieu Carle
Goaltenders
Starting : Olivier Roy
Backup : Thomas McCollum
Extra Forwards
Normal : Jordan Schroeder, Iiro Pakarinen, Colin McDonald - PP : Jordan Schroeder, Iiro Pakarinen - PK : Colin McDonald
Extra Defensemen
Normal : T.J Brodie, Jeff May, Tim Erixon - PP : T.J Brodie - PK : Jeff May, Tim Erixon
Penalty Shots
Robbie Earl, Jamie Benn, Ben Smith, Martins Karsums, Ryan Carter
Scratches
Mark Scheifele (Sore Left Knee Injury), Jamie Devane (Healthy), Ryan Sproul (Healthy), Colton Sceviour (Healthy), Philippe Cornet (Healthy)
Tyson Sexsmith (Healthy)
Gangsters
5 vs 5 Forward
Center Left Wing Right Wing Time % Phy DF OF
1 Artem Anisimov Nick Foligno Gustav Nyquist 40 1 2 2
2 Maxime Sauvé Magnus Paajarvi-Svensson Mikko Lehtonen 30 1 2 2
3 Sean Couturier Dave Dziurzynski Richard Panik 20 1 2 2
4 Ben Holmstrom Curtis McKenzie Stefan Noesen 10 1 2 2
5 vs 5 Defense
Defense Defense Time % Phy DF OF
1 Shaun Heska Matt Delahey 40 1 2 2
2 Michael Sdao Jonas Brodin 30 1 2 2
3 Taylor Doherty Shaun Heska 20 1 2 2
4 Matt Delahey Michael Sdao 10 1 2 2
PowerPlay Forward
Center Left Wing Right Wing Time % Phy DF OF
1 Artem Anisimov Nick Foligno Gustav Nyquist 60 1 2 2
2 Maxime Sauvé Magnus Paajarvi-Svensson Mikko Lehtonen 40 1 2 2
PowerPlay Defense
Defense Defense Time % Phy DF OF
1 Shaun Heska Matt Delahey 60 1 2 2
2 Michael Sdao Jonas Brodin 40 1 2 2
Penalty Kill 4 Players Forward
Center Wing Time % Phy DF OF
1 Gustav Nyquist Nick Foligno 60 1 2 2
2 Artem Anisimov Maxime Sauvé 40 1 2 2
Penalty Kill 4 Players Defense
Defense Defense Time % Phy DF OF
1 Shaun Heska Matt Delahey 60 1 2 2
2 Michael Sdao Jonas Brodin 40 1 2 2
Penalty Kill - 3 Players Forward
Forward Time % Phy DF OF
1 Gustav Nyquist 60 1 2 2
2 Nick Foligno 40 1 2 2
Penalty Kill - 3 Players Defense
Defense Defense Time % Phy DF OF
1 Shaun Heska Matt Delahey 60 1 2 2
2 Michael Sdao Jonas Brodin 40 1 2 2
4 vs 4 Forward
Center Wing Time % Phy DF OF
1 Gustav Nyquist Nick Foligno 60 1 2 2
2 Artem Anisimov Maxime Sauvé 40 1 2 2
4 vs 4 Defense
Defense Defense Time % Phy DF OF
1 Shaun Heska Matt Delahey 60 1 2 2
2 Michael Sdao Jonas Brodin 40 1 2 2
Last Minutes Offensive
Center Left Wing Right Wing Defense Defense
Artem Anisimov Nick Foligno Gustav Nyquist Shaun Heska Matt Delahey
Last Minutes Defensive
Center Left Wing Right Wing Defense Defense
Artem Anisimov Nick Foligno Gustav Nyquist Shaun Heska Matt Delahey
Goaltenders
Starting : Braden Holtby
Backup : Mike Condon
Extra Forwards
Normal : Phil McRae, Phillip Danault, Austen Brassard - PP : Phil McRae, Phillip Danault - PK : Austen Brassard
Extra Defensemen
Normal : Taylor Doherty, Jonas Brodin, Shaun Heska - PP : Taylor Doherty - PK : Jonas Brodin, Shaun Heska
Penalty Shots
Gustav Nyquist, Nick Foligno, Artem Anisimov, Maxime Sauvé, Mikko Lehtonen
Scratches
Brett Ponich (Right Foot Injury), Devante Smith-Pelly (Healthy), Patrik Nemeth (Left Ankle Injury), Morgan Ellis (Bruised Left Leg Injury), Jordan Binnington (Healthy)
Dustin Tokarski (Healthy)
% Time on Ice - Influenza
Lines # - Real PCT - Wanted PCT - Time Play
Normal Forward
1 - 32% - 40% - 15:57
2 - 27% - 30% - 13:41
3 - 23% - 20% - 11:32
4 - 18% - 10% - 8:55
Normal Defense
1 - 37% - 40% - 18:23
2 - 29% - 30% - 14:44
3 - 22% - 20% - 11:13
4 - 11% - 10% - 5:45
PP Forward
1 - 56% - 60% - 2:14
2 - 44% - 40% - 1:44
PP Defense
1 - 58% - 60% - 2:18
2 - 42% - 40% - 1:40
PK Forward
1 - 82% - 60% - 4:54
2 - 18% - 40% - 1:03
PK Defense
1 - 56% - 60% - 3:20
2 - 44% - 40% - 2:37
PK3 Forward
1 - 0% - 60%
2 - 0% - 40%
PK3 Defense
1 - 0% - 60%
2 - 0% - 40%
44 Forward
1 - 0% - 60%
2 - 0% - 40%
44 Defense
1 - 0% - 60%
2 - 0% - 40%
Last Minute Offensive - 0:00
Last Minute Defensive - 0:00
Total
Forward - 60:00
Defense - 60:00
|
% Time on Ice - Gangsters
Lines # - Real PCT - Wanted PCT - Time Play
Normal Forward
1 - 29% - 40% - 14:43
2 - 30% - 30% - 14:52
3 - 22% - 20% - 10:50
4 - 19% - 10% - 9:40
Normal Defense
1 - 35% - 40% - 17:37
2 - 31% - 30% - 15:46
3 - 20% - 20% - 9:50
4 - 14% - 10% - 6:52
PP Forward
1 - 55% - 60% - 3:18
2 - 45% - 40% - 2:39
PP Defense
1 - 41% - 60% - 2:27
2 - 59% - 40% - 3:30
PK Forward
1 - 79% - 60% - 3:09
2 - 21% - 40% - 0:49
PK Defense
1 - 62% - 60% - 2:27
2 - 38% - 40% - 1:31
PK3 Forward
1 - 0% - 60%
2 - 0% - 40%
PK3 Defense
1 - 0% - 60%
2 - 0% - 40%
44 Forward
1 - 0% - 60%
2 - 0% - 40%
44 Defense
1 - 0% - 60%
2 - 0% - 40%
Last Minute Offensive - 0:00
Last Minute Defensive - 0:00
Total
Forward - 60:00
Defense - 60:00
|
Play by Play
1st period
0:01 of 1st period - Artem Anisimov wins face-off versus Ben Smith in neutral zone.
0:34 of 1st period - Snap shot by Mikko Lehtonen.
0:34 of 1st period - Stopped by Olivier Roy without a rebound.
0:35 of 1st period - Charlie Coyle wins face-off versus Sean Couturier in Influenza zone.
0:48 of 1st period - Slapshot by T.J Galiardi.
0:48 of 1st period - Stopped by Braden Holtby with a rebound.
0:54 of 1st period - Jonas Brodin is hit by Matt Corrente.
1:17 of 1st period - Snap shot by Jeremy Morin.
1:17 of 1st period - Shot Blocked by Michael Sdao.
1:27 of 1st period - Snap shot by Dave Dziurzynski.
1:27 of 1st period - Shot Misses the Net.
1:29 of 1st period - Slapshot by Michael Sdao.
1:29 of 1st period - Stopped by Olivier Roy with a rebound.
1:35 of 1st period - Slapshot by Dave Dziurzynski.
1:35 of 1st period - Shot Misses the Net.
1:37 of 1st period - Snap shot by Sean Couturier.
1:37 of 1st period - Stopped by Olivier Roy with a rebound.
1:39 of 1st period - Wrist shot by Sean Couturier.
1:39 of 1st period - Shot Blocked by T.J Galiardi.
1:41 of 1st period - Snap shot by Jonas Brodin.
1:41 of 1st period - Shot Misses the Net.
1:43 of 1st period - Slapshot by Jonas Brodin.
1:43 of 1st period - Stopped by Olivier Roy without a rebound.
1:44 of 1st period - Artem Anisimov wins face-off versus Evgeny Grachev in Influenza zone.
2:09 of 1st period - Tim Erixon is hit by Shaun Heska and loses puck.
3:00 of 1st period - Artem Anisimov is hit by Evgeny Grachev and loses puck.
3:11 of 1st period - Snap shot by Magnus Paajarvi-Svensson.
3:11 of 1st period - Shot Misses the Net.
3:13 of 1st period - Snap shot by Magnus Paajarvi-Svensson.
3:13 of 1st period - Stopped by Olivier Roy with a rebound.
3:15 of 1st period - Slapshot by Taylor Doherty.
3:15 of 1st period - Deflect By Mikko Lehtonen.
3:15 of 1st period - Stopped by Olivier Roy without a rebound.
3:16 of 1st period - Maxime Sauvé wins face-off versus Ryan Carter in Influenza zone.
3:21 of 1st period - Wrist shot by Magnus Paajarvi-Svensson.
3:21 of 1st period - Shot Misses the Net.
3:27 of 1st period - Wrist shot by John Klingberg.
3:27 of 1st period - Shot Blocked by Michael Sdao.
4:10 of 1st period - Slapshot by Jamie Benn.
4:10 of 1st period - Goal by Jamie Benn - Influenza : 1 - Gangsters : 0.
4:11 of 1st period - Artem Anisimov wins face-off versus Ryan Carter in neutral zone.
4:36 of 1st period - Tim Erixon is hit by Magnus Paajarvi-Svensson and loses puck.
4:55 of 1st period - Slapshot by Magnus Paajarvi-Svensson.
4:55 of 1st period - Shot Misses the Net.
5:47 of 1st period - Michael Sdao is hit by Andreas Engqvist and loses puck.
6:44 of 1st period - Snap shot by Ben Smith.
6:44 of 1st period - Stopped by Braden Holtby without a rebound.
6:45 of 1st period - Ben Holmstrom wins face-off versus Ryan Carter in Gangsters zone.
7:16 of 1st period - Snap shot by Evgeny Grachev.
7:16 of 1st period - Stopped by Braden Holtby without a rebound.
7:17 of 1st period - Evgeny Grachev wins face-off versus Artem Anisimov in Gangsters zone.
7:40 of 1st period - Michael Sdao is hit by Martins Karsums and loses puck.
8:32 of 1st period - Snap shot by Artem Anisimov.
8:32 of 1st period - Shot Misses the Net.
8:47 of 1st period - Minor Penalty to John Klingberg for Holding Stick.
8:48 of 1st period - Artem Anisimov wins face-off versus Robbie Earl in Influenza zone.
8:54 of 1st period - Slapshot by Artem Anisimov.
8:54 of 1st period - Deflect By Robbie Earl.
8:54 of 1st period - Shot Misses the Net.
8:54 of 1st period - Puck is out of play.
8:55 of 1st period - Robbie Earl wins face-off versus Gustav Nyquist in Influenza zone.
8:55 of 1st period - Robbie Earl is hit by Michael Sdao.
10:47 of 1st period - Penalty to John Klingberg is over, John Klingberg is back on ice.
10:57 of 1st period - Mathieu Carle is hit by Shaun Heska and loses puck.
11:28 of 1st period - Wrist shot by Sean Couturier.
11:28 of 1st period - Shot Misses the Net.
11:30 of 1st period - Slapshot by Taylor Doherty.
11:30 of 1st period - Shot Misses the Net.
11:42 of 1st period - Snap shot by Andreas Engqvist.
11:42 of 1st period - Shot Misses the Net.
12:04 of 1st period - Slapshot by Jeremy Morin.
12:04 of 1st period - Stopped by Braden Holtby with a rebound.
12:12 of 1st period - T.J Galiardi is hit by Sean Couturier and loses puck.
12:27 of 1st period - Backhand shot by Ben Smith.
12:27 of 1st period - Shot Misses the Net.
12:29 of 1st period - Snap shot by Ben Smith.
12:29 of 1st period - Goal by Ben Smith - Influenza : 2 - Gangsters : 0.
12:30 of 1st period - Ben Smith wins face-off versus Artem Anisimov in neutral zone.
12:38 of 1st period - Carl Gunnarsson is hit by Artem Anisimov and loses puck.
13:03 of 1st period - Martins Karsums is hit by Shaun Heska and loses puck.
13:18 of 1st period - Matt Corrente is hit by Ben Holmstrom and loses puck.
13:42 of 1st period - Minor Penalty to Jonas Brodin for Hooking.
13:43 of 1st period - Gustav Nyquist wins face-off versus Robbie Earl in Gangsters zone.
13:55 of 1st period - Ryan Carter is hit by Gustav Nyquist and loses puck.
14:11 of 1st period - Wrist shot by Ryan Carter.
14:11 of 1st period - Deflect By Robbie Earl.
14:11 of 1st period - Shot Hit the Post.
14:11 of 1st period - Puck is out of play.
14:12 of 1st period - Gustav Nyquist wins face-off versus Martins Karsums in Gangsters zone.
14:12 of 1st period - Gustav Nyquist is hit by Jamie Benn.
15:11 of 1st period - Wrist shot by Matt Delahey.
15:11 of 1st period - Stopped by Olivier Roy with a rebound.
15:13 of 1st period - Slapshot by Shaun Heska.
15:13 of 1st period - Shot Blocked by Jamie Benn.
15:15 of 1st period - Snap shot by Curtis McKenzie.
15:15 of 1st period - Shot Blocked by Mathieu Carle.
15:17 of 1st period - Slapshot by Shaun Heska.
15:17 of 1st period - Stopped by Olivier Roy with a rebound.
15:19 of 1st period - Slapshot by Matt Delahey.
15:19 of 1st period - Shot Misses the Net.
15:42 of 1st period - Penalty to Jonas Brodin is over, Jonas Brodin is back on ice.
15:52 of 1st period - Michael Sdao is hit by Carl Gunnarsson and loses puck.
16:01 of 1st period - Snap shot by T.J Galiardi.
16:01 of 1st period - Shot Blocked by Michael Sdao.
16:15 of 1st period - Snap shot by Mikko Lehtonen.
16:15 of 1st period - Shot Misses the Net.
16:17 of 1st period - Slapshot by Maxime Sauvé.
16:17 of 1st period - Shot Misses the Net.
16:19 of 1st period - Snap shot by Mikko Lehtonen.
16:19 of 1st period - Shot Misses the Net.
16:21 of 1st period - Wrist shot by Michael Sdao.
16:21 of 1st period - Stopped by Olivier Roy without a rebound.
16:22 of 1st period - Sean Couturier wins face-off versus Charlie Coyle in Influenza zone.
16:36 of 1st period - Matt Corrente is hit by Sean Couturier and loses puck.
17:38 of 1st period - Slapshot by John Klingberg.
17:38 of 1st period - Shot Misses the Net.
18:00 of 1st period - Slapshot by Mathieu Carle.
18:00 of 1st period - Stopped by Braden Holtby with a rebound.
18:09 of 1st period - Wrist shot by Ryan Russell.
18:09 of 1st period - Shot Blocked by Maxime Sauvé.
18:11 of 1st period - Slapshot by John Klingberg.
18:11 of 1st period - Shot Misses the Net.
18:13 of 1st period - Snap shot by Ryan Russell.
18:13 of 1st period - Shot Misses the Net.
18:15 of 1st period - Slapshot by Mathieu Carle.
18:15 of 1st period - Shot Blocked by Jonas Brodin.
18:17 of 1st period - Slapshot by Mathieu Carle.
18:17 of 1st period - Stopped by Braden Holtby with a rebound.
18:19 of 1st period - Slapshot by Mathieu Carle.
18:19 of 1st period - Shot Misses the Net.
18:21 of 1st period - Slapshot by Mathieu Carle.
18:21 of 1st period - Shot Blocked by Jonas Brodin.
18:23 of 1st period - Slapshot by John Klingberg.
18:23 of 1st period - Shot Misses the Net.
18:25 of 1st period - Snap shot by John Klingberg.
18:25 of 1st period - Deflect By Ryan Russell.
18:25 of 1st period - Shot Misses the Net.
18:25 of 1st period - Puck is out of play.
18:26 of 1st period - Artem Anisimov wins face-off versus Ryan Carter in Gangsters zone.
18:52 of 1st period - Gustav Nyquist is hit by Jeremy Morin and loses puck.
19:17 of 1st period - Wrist shot by Nick Foligno.
19:17 of 1st period - Stopped by Olivier Roy with a rebound.
19:26 of 1st period - Off-side.
19:27 of 1st period - Ryan Carter wins face-off versus Sean Couturier in neutral zone.
19:32 of 1st period - Wrist shot by Ben Smith.
19:32 of 1st period - Shot Misses the Net.
19:36 of 1st period - Slapshot by Ben Smith.
19:36 of 1st period - Shot Misses the Net.
Goals for this period are 2 for Influenza vs 0 for Gangsters.
Shots for this period are 8 for Influenza vs 10 for Gangsters.
2nd period
0:01 of 2nd period - Ryan Carter wins face-off versus Artem Anisimov in neutral zone.
0:04 of 2nd period - Shaun Heska is hit by Ryan Carter and loses puck.
0:25 of 2nd period - John Klingberg is hit by Magnus Paajarvi-Svensson and loses puck.
0:36 of 2nd period - Snap shot by Maxime Sauvé.
0:36 of 2nd period - Shot Misses the Net.
0:38 of 2nd period - Wrist shot by Magnus Paajarvi-Svensson.
0:38 of 2nd period - Shot Misses the Net.
0:54 of 2nd period - T.J Galiardi is hit by Michael Sdao and loses puck.
1:11 of 2nd period - Wrist shot by Artem Anisimov.
1:11 of 2nd period - Shot Misses the Net.
1:13 of 2nd period - Snap shot by Nick Foligno.
1:13 of 2nd period - Deflect By Artem Anisimov.
1:13 of 2nd period - Stopped by Olivier Roy with a rebound.
1:15 of 2nd period - Slapshot by Michael Sdao.
1:15 of 2nd period - Stopped by Olivier Roy with a rebound.
2:14 of 2nd period - Slapshot by T.J Galiardi.
2:14 of 2nd period - Shot Misses the Net.
2:16 of 2nd period - Wrist shot by Jeff May.
2:16 of 2nd period - Shot Misses the Net.
2:36 of 2nd period - Backhand shot by Nick Foligno.
2:36 of 2nd period - Shot Misses the Net.
2:38 of 2nd period - Snap shot by Shaun Heska.
2:38 of 2nd period - Deflect By Robbie Earl.
2:38 of 2nd period - Stopped by Olivier Roy without a rebound.
2:39 of 2nd period - Maxime Sauvé wins face-off versus Evgeny Grachev in Influenza zone.
2:46 of 2nd period - Snap shot by Maxime Sauvé.
2:46 of 2nd period - Stopped by Olivier Roy without a rebound.
2:47 of 2nd period - Evgeny Grachev wins face-off versus Maxime Sauvé in Influenza zone.
2:47 of 2nd period - Evgeny Grachev is hit by Mikko Lehtonen.
3:03 of 2nd period - Backhand shot by Martins Karsums.
3:03 of 2nd period - Stopped by Braden Holtby with a rebound.
3:05 of 2nd period - Snap shot by Martins Karsums.
3:05 of 2nd period - Stopped by Braden Holtby with a rebound.
3:07 of 2nd period - Slapshot by Mathieu Carle.
3:07 of 2nd period - Goal by Mathieu Carle - Influenza : 3 - Gangsters : 0.
3:08 of 2nd period - Ryan Carter wins face-off versus Artem Anisimov in neutral zone.
3:21 of 2nd period - Snap shot by Ben Smith.
3:21 of 2nd period - Stopped by Braden Holtby with a rebound.
3:23 of 2nd period - Snap shot by Robbie Earl.
3:23 of 2nd period - Stopped by Braden Holtby without a rebound.
3:24 of 2nd period - Evgeny Grachev wins face-off versus Artem Anisimov in Gangsters zone.
3:37 of 2nd period - Snap shot by Nick Foligno.
3:37 of 2nd period - Shot Blocked by Martins Karsums.
3:49 of 2nd period - Wrist shot by Sean Couturier.
3:49 of 2nd period - Stopped by Olivier Roy with a rebound.
3:51 of 2nd period - Slapshot by Jonas Brodin.
3:51 of 2nd period - Shot Blocked by John Klingberg.
3:59 of 2nd period - Slapshot by Richard Panik.
3:59 of 2nd period - Stopped by Olivier Roy with a rebound.
4:15 of 2nd period - Snap shot by Ryan Carter.
4:15 of 2nd period - Stopped by Braden Holtby with a rebound.
4:17 of 2nd period - Snap shot by Robbie Earl.
4:17 of 2nd period - Shot Misses the Net.
4:19 of 2nd period - Wrist shot by Robbie Earl.
4:19 of 2nd period - Goal by Robbie Earl - Influenza : 4 - Gangsters : 0.
4:19 of 2nd period - Mike Condon enters game.
4:20 of 2nd period - Ryan Carter wins face-off versus Artem Anisimov in neutral zone.
4:30 of 2nd period - Matt Delahey and Ben Smith fight to a draw.
4:30 of 2nd period - Penalty to Matt Delahey for Fighting.
4:30 of 2nd period - Penalty to Ben Smith for Fighting.
4:31 of 2nd period - Artem Anisimov wins face-off versus Robbie Earl in Gangsters zone.
4:56 of 2nd period - Mikko Lehtonen is hit by Mathieu Carle and loses puck.
5:03 of 2nd period - Jamie Benn is hit by Michael Sdao and loses puck.
5:28 of 2nd period - Snap shot by Sean Couturier.
5:28 of 2nd period - Goal by Sean Couturier - Influenza : 4 - Gangsters : 1.
5:29 of 2nd period - Ryan Carter wins face-off versus Artem Anisimov in neutral zone.
6:23 of 2nd period - Snap shot by Ben Holmstrom.
6:23 of 2nd period - Stopped by Olivier Roy with a rebound.
6:59 of 2nd period - Snap shot by Nick Foligno.
6:59 of 2nd period - Stopped by Olivier Roy without a rebound.
7:00 of 2nd period - Ryan Carter wins face-off versus Nick Foligno in Influenza zone.
7:13 of 2nd period - Wrist shot by Robbie Earl.
7:13 of 2nd period - Stopped by Mike Condon with a rebound.
7:25 of 2nd period - Andreas Engqvist is hit by Magnus Paajarvi-Svensson and loses puck.
8:01 of 2nd period - Icing by Sean Couturier.
8:02 of 2nd period - Dave Dziurzynski wins face-off versus Ryan Carter in Gangsters zone.
8:27 of 2nd period - Michael Sdao is hit by Mathieu Carle and loses puck.
9:56 of 2nd period - Slapshot by Nick Foligno.
9:56 of 2nd period - Stopped by Olivier Roy with a rebound.
9:58 of 2nd period - Snap shot by Artem Anisimov.
9:58 of 2nd period - Shot Misses the Net.
10:00 of 2nd period - Backhand shot by Michael Sdao.
10:00 of 2nd period - Deflect By Artem Anisimov.
10:00 of 2nd period - Stopped by Olivier Roy with a rebound.
10:02 of 2nd period - Slapshot by Michael Sdao.
10:02 of 2nd period - Stopped by Olivier Roy with a rebound.
10:10 of 2nd period - Snap shot by Gustav Nyquist.
10:10 of 2nd period - Stopped by Olivier Roy with a rebound.
10:12 of 2nd period - Slapshot by Nick Foligno.
10:12 of 2nd period - Shot Misses the Net.
10:26 of 2nd period - Slapshot by Robbie Earl.
10:26 of 2nd period - Goal by Robbie Earl - Influenza : 5 - Gangsters : 1.
10:27 of 2nd period - Magnus Paajarvi-Svensson wins face-off versus Evgeny Grachev in neutral zone.
10:36 of 2nd period - Snap shot by Magnus Paajarvi-Svensson.
10:36 of 2nd period - Stopped by Olivier Roy with a rebound.
10:38 of 2nd period - Snap shot by Mikko Lehtonen.
10:38 of 2nd period - Goal by Mikko Lehtonen - Influenza : 5 - Gangsters : 2.
10:39 of 2nd period - Evgeny Grachev wins face-off versus Maxime Sauvé in neutral zone.
10:42 of 2nd period - Mikko Lehtonen is hit by Evgeny Grachev and loses puck.
11:06 of 2nd period - Shaun Heska is hit by Jeremy Morin and loses puck.
11:11 of 2nd period - Wrist shot by T.J Galiardi.
11:11 of 2nd period - Shot Misses the Net.
11:13 of 2nd period - Wrist shot by T.J Galiardi.
11:13 of 2nd period - Deflect By Jeremy Morin.
11:13 of 2nd period - Shot Misses the Net.
11:13 of 2nd period - Puck is out of play.
11:14 of 2nd period - Artem Anisimov wins face-off versus Ben Smith in Gangsters zone.
11:42 of 2nd period - Snap shot by Ben Smith.
11:42 of 2nd period - Stopped by Mike Condon with a rebound.
11:44 of 2nd period - Snap shot by Evgeny Grachev.
11:44 of 2nd period - Stopped by Mike Condon with a rebound.
11:46 of 2nd period - Snap shot by Evgeny Grachev.
11:46 of 2nd period - Shot Blocked by Shaun Heska.
11:48 of 2nd period - Slapshot by John Klingberg.
11:48 of 2nd period - Shot Misses the Net.
11:50 of 2nd period - Slapshot by John Klingberg.
11:50 of 2nd period - Stopped by Mike Condon with a rebound.
11:52 of 2nd period - Wrist shot by Evgeny Grachev.
11:52 of 2nd period - Stopped by Mike Condon with a rebound.
12:07 of 2nd period - Slapshot by John Klingberg.
12:07 of 2nd period - Stopped by Mike Condon with a rebound.
12:32 of 2nd period - Snap shot by Mikko Lehtonen.
12:32 of 2nd period - Shot Hit the Post.
12:34 of 2nd period - Wrist shot by Magnus Paajarvi-Svensson.
12:34 of 2nd period - Deflect By Maxime Sauvé.
12:34 of 2nd period - Shot Blocked by Jeff May.
12:34 of 2nd period - Puck is out of play.
12:35 of 2nd period - Artem Anisimov wins face-off versus Ryan Carter in Influenza zone.
12:38 of 2nd period - Snap shot by Nick Foligno.
12:38 of 2nd period - Shot Misses the Net.
12:40 of 2nd period - Snap shot by Shaun Heska.
12:40 of 2nd period - Stopped by Olivier Roy with a rebound.
13:23 of 2nd period - Slapshot by Jamie Benn.
13:23 of 2nd period - Shot Misses the Net.
13:25 of 2nd period - Slapshot by Charlie Coyle.
13:25 of 2nd period - Shot Blocked by Michael Sdao.
13:27 of 2nd period - Snap shot by Mathieu Carle.
13:27 of 2nd period - Stopped by Mike Condon with a rebound.
13:31 of 2nd period - Backhand shot by Mathieu Carle.
13:31 of 2nd period - Deflect By Ben Holmstrom.
13:31 of 2nd period - Stopped by Mike Condon with a rebound.
13:33 of 2nd period - Wrist shot by John Klingberg.
13:33 of 2nd period - Stopped by Mike Condon with a rebound.
14:26 of 2nd period - Martins Karsums is hit by Matt Delahey and loses puck.
14:41 of 2nd period - Slapshot by Jeremy Morin.
14:41 of 2nd period - Shot Misses the Net.
15:52 of 2nd period - Off-side.
15:53 of 2nd period - Ben Holmstrom wins face-off versus Ben Smith in neutral zone.
16:19 of 2nd period - Martins Karsums is hit by Gustav Nyquist and loses puck.
16:47 of 2nd period - John Klingberg is hit by Magnus Paajarvi-Svensson and loses puck.
17:04 of 2nd period - Jonas Brodin is hit by Robbie Earl and loses puck.
17:23 of 2nd period - Corey Tropp is hit by Shaun Heska and loses puck.
17:30 of 2nd period - Snap shot by Curtis McKenzie.
17:30 of 2nd period - Stopped by Olivier Roy with a rebound.
17:32 of 2nd period - Backhand shot by Jonas Brodin.
17:32 of 2nd period - Stopped by Olivier Roy without a rebound.
17:33 of 2nd period - Nick Foligno wins face-off versus Robbie Earl in Influenza zone.
17:51 of 2nd period - Ben Smith is hit by Artem Anisimov and loses puck.
18:04 of 2nd period - Slapshot by T.J Galiardi.
18:04 of 2nd period - Stopped by Mike Condon with a rebound.
18:27 of 2nd period - Icing by T.J Galiardi.
18:28 of 2nd period - Maxime Sauvé wins face-off versus Charlie Coyle in Influenza zone.
18:31 of 2nd period - Slapshot by Mikko Lehtonen.
18:31 of 2nd period - Stopped by Olivier Roy without a rebound.
18:32 of 2nd period - Maxime Sauvé wins face-off versus Ben Smith in Influenza zone.
18:43 of 2nd period - Wrist shot by Mikko Lehtonen.
18:43 of 2nd period - Deflect By Maxime Sauvé.
18:43 of 2nd period - Deflect By Mathieu Carle.
18:43 of 2nd period - Shot Blocked by Ben Smith.
18:43 of 2nd period - Puck is out of play.
18:44 of 2nd period - Ryan Carter wins face-off versus Maxime Sauvé in Influenza zone.
18:44 of 2nd period - Ryan Carter is hit by Magnus Paajarvi-Svensson.
Goals for this period are 3 for Influenza vs 2 for Gangsters.
Shots for this period are 18 for Influenza vs 19 for Gangsters.
3rd period
0:01 of 3rd period - Ryan Carter wins face-off versus Artem Anisimov in neutral zone.
1:17 of 3rd period - Wrist shot by Jonas Brodin.
1:17 of 3rd period - Stopped by Olivier Roy with a rebound.
1:19 of 3rd period - Wrist shot by Jonas Brodin.
1:19 of 3rd period - Stopped by Olivier Roy with a rebound.
1:31 of 3rd period - Wrist shot by Magnus Paajarvi-Svensson.
1:31 of 3rd period - Shot Blocked by Jeff May.
1:58 of 3rd period - Snap shot by Ben Smith.
1:58 of 3rd period - Shot Misses the Net.
2:00 of 3rd period - Snap shot by Jeff May.
2:00 of 3rd period - Deflect By Ben Smith.
2:00 of 3rd period - Shot Blocked by Taylor Doherty.
2:00 of 3rd period - Puck is out of play.
2:01 of 3rd period - Artem Anisimov wins face-off versus Evgeny Grachev in Gangsters zone.
2:01 of 3rd period - Artem Anisimov is hit by Matt Corrente.
2:26 of 3rd period - Jeremy Morin is hit by Matt Delahey.
2:34 of 3rd period - Wrist shot by Jeremy Morin.
2:34 of 3rd period - Shot Misses the Net.
2:36 of 3rd period - Slapshot by Charlie Coyle.
2:36 of 3rd period - Stopped by Mike Condon with a rebound.
3:16 of 3rd period - Slapshot by Martins Karsums.
3:16 of 3rd period - Shot Misses the Net.
3:18 of 3rd period - Slapshot by Jamie Benn.
3:18 of 3rd period - Shot Blocked by Magnus Paajarvi-Svensson.
4:30 of 3rd period - Mikko Lehtonen is hit by Andreas Engqvist and loses puck.
4:36 of 3rd period - Icing by Matt Delahey.
4:37 of 3rd period - Robbie Earl wins face-off versus Maxime Sauvé in Gangsters zone.
4:48 of 3rd period - Snap shot by Robbie Earl.
4:48 of 3rd period - Shot Blocked by Magnus Paajarvi-Svensson.
4:50 of 3rd period - Snap shot by Matt Corrente.
4:50 of 3rd period - Shot Misses the Net.
4:52 of 3rd period - Snap shot by Ryan Carter.
4:52 of 3rd period - Shot Misses the Net.
5:02 of 3rd period - Matt Corrente is hit by Nick Foligno and loses puck.
5:11 of 3rd period - Snap shot by Gustav Nyquist.
5:11 of 3rd period - Stopped by Olivier Roy with a rebound.
5:33 of 3rd period - Snap shot by Evgeny Grachev.
5:33 of 3rd period - Shot Blocked by Michael Sdao.
5:35 of 3rd period - Slapshot by Matt Corrente.
5:35 of 3rd period - Stopped by Mike Condon with a rebound.
5:37 of 3rd period - Wrist shot by Martins Karsums.
5:37 of 3rd period - Goal by Martins Karsums - Influenza : 6 - Gangsters : 2.
5:38 of 3rd period - Robbie Earl wins face-off versus Artem Anisimov in neutral zone.
5:53 of 3rd period - Snap shot by Ryan Carter.
5:53 of 3rd period - Goal by Ryan Carter - Influenza : 7 - Gangsters : 2.
5:54 of 3rd period - Artem Anisimov wins face-off versus Ben Smith in neutral zone.
5:54 of 3rd period - Gustav Nyquist is hit by Ben Smith and loses puck.
6:19 of 3rd period - Matt Delahey is hit by Mathieu Carle and loses puck.
6:24 of 3rd period - Slapshot by Evgeny Grachev.
6:24 of 3rd period - Shot Blocked by Shaun Heska.
7:11 of 3rd period - Carl Gunnarsson is hit by Dave Dziurzynski and loses puck.
8:12 of 3rd period - Slapshot by Ben Smith.
8:12 of 3rd period - Deflect By Robbie Earl.
8:12 of 3rd period - Shot Misses the Net.
8:12 of 3rd period - Puck is out of play.
8:13 of 3rd period - Ryan Carter wins face-off versus Ben Holmstrom in Gangsters zone.
8:38 of 3rd period - Ryan Carter is hit by Jonas Brodin.
8:42 of 3rd period - Slapshot by Jeff May.
8:42 of 3rd period - Stopped by Mike Condon without a rebound.
8:43 of 3rd period - Evgeny Grachev wins face-off versus Artem Anisimov in Gangsters zone.
8:59 of 3rd period - Minor Penalty to Jamie Benn for Roughing.
9:00 of 3rd period - Robbie Earl wins face-off versus Artem Anisimov in Influenza zone.
9:10 of 3rd period - Snap shot by Artem Anisimov.
9:10 of 3rd period - Shot Misses the Net.
10:59 of 3rd period - Penalty to Jamie Benn is over, Jamie Benn is back on ice.
11:30 of 3rd period - Slapshot by Shaun Heska.
11:30 of 3rd period - Shot Blocked by T.J Galiardi.
11:32 of 3rd period - Snap shot by Ben Holmstrom.
11:32 of 3rd period - Shot Misses the Net.
11:34 of 3rd period - Slapshot by Matt Delahey.
11:34 of 3rd period - Stopped by Olivier Roy without a rebound.
11:35 of 3rd period - Evgeny Grachev wins face-off versus Curtis McKenzie in Influenza zone.
11:50 of 3rd period - Snap shot by Evgeny Grachev.
11:50 of 3rd period - Shot Blocked by Curtis McKenzie.
12:08 of 3rd period - Jonas Brodin is hit by Ryan Russell and loses puck.
12:26 of 3rd period - Minor Penalty to Jeff May for Hooking.
12:27 of 3rd period - Robbie Earl wins face-off versus Artem Anisimov in Influenza zone.
12:38 of 3rd period - Slapshot by Nick Foligno.
12:38 of 3rd period - Stopped by Olivier Roy with a rebound.
12:40 of 3rd period - Snap shot by Matt Delahey.
12:40 of 3rd period - Deflect By John Klingberg.
12:40 of 3rd period - Stopped by Olivier Roy with a rebound.
13:05 of 3rd period - Slapshot by Ben Smith.
13:05 of 3rd period - Shot Misses the Net.
13:35 of 3rd period - Matt Delahey is hit by Ryan Russell and loses puck.
13:54 of 3rd period - Robbie Earl is hit by Matt Delahey and loses puck.
14:26 of 3rd period - Penalty to Jeff May is over, Jeff May is back on ice.
15:06 of 3rd period - Slapshot by Jeremy Morin.
15:06 of 3rd period - Shot Blocked by Taylor Doherty.
15:08 of 3rd period - Slapshot by Tim Erixon.
15:08 of 3rd period - Shot Blocked by Taylor Doherty.
15:33 of 3rd period - Minor Penalty to Taylor Doherty for Tripping.
15:34 of 3rd period - Gustav Nyquist wins face-off versus Ryan Carter in Gangsters zone.
15:45 of 3rd period - Snap shot by Mathieu Carle.
15:45 of 3rd period - Stopped by Mike Condon with a rebound.
15:47 of 3rd period - Slapshot by John Klingberg.
15:47 of 3rd period - Deflect By Nick Foligno.
15:47 of 3rd period - Stopped by Mike Condon with a rebound.
15:49 of 3rd period - Wrist shot by Ben Smith.
15:49 of 3rd period - Shot Misses the Net.
15:59 of 3rd period - Gustav Nyquist is hit by John Klingberg and loses puck.
16:22 of 3rd period - Matt Corrente is hit by Curtis McKenzie.
17:33 of 3rd period - Penalty to Taylor Doherty is over, Taylor Doherty is back on ice.
17:36 of 3rd period - Snap shot by T.J Galiardi.
17:36 of 3rd period - Deflect By Charlie Coyle.
17:36 of 3rd period - Stopped by Mike Condon with a rebound.
17:38 of 3rd period - Wrist shot by Jeremy Morin.
17:38 of 3rd period - Shot Misses the Net.
17:40 of 3rd period - Slapshot by Tim Erixon.
17:40 of 3rd period - Shot Misses the Net.
18:03 of 3rd period - Slapshot by Sean Couturier.
18:03 of 3rd period - Stopped by Olivier Roy with a rebound.
18:06 of 3rd period - Icing by Andreas Engqvist.
18:07 of 3rd period - Andreas Engqvist wins face-off versus Maxime Sauvé in Influenza zone.
Goals for this period are 2 for Influenza vs 0 for Gangsters.
Shots for this period are 8 for Influenza vs 7 for Gangsters.
Back to the Top